 Dungeon Crawl Stone Soup version 0.30-a0-6-g7c9e10e132 (webtiles) character file.

Game seed: 871912840441969792

672 Newt the Trooper (level 7, -2/57 HPs)
             Began as a Palentonga Monk on Aug 22, 2022.
             Slain by Prince Ribbit (17 damage)
             ... on level 5 of the Dungeon.
             The game lasted 00:06:42 (5891 turns).

Newt the Trooper (Palentonga Monk)                  Turns: 5891, Time: 00:06:43

Health: -2/57      AC: 13    Str: 18    XL:     7   Next: 32%
Magic:  16/16      EV: 10    Int: 10    God:
Gold:   53         SH:  0    Dex: 13    Spells: 6/6 levels left

rFire   . . .      SeeInvis +    a - +1 falchion
rCold   + . .      Faith    .    (no shield)
rNeg    . . .      Spirit   .    i - +2 leather armour of Decompression {Will+ MP+9 Slay+2}
rPois   .          Reflect  .    (no helmet)
rElec   .          Harm     .    (no cloak)
rCorr   .          Rampage  .    (no gloves)
Will    +....                    (no barding)
Stlth   ++........               (no amulet)
HPRegen 0.19/turn                j - ring of protection from cold
MPRegen 0.15/turn                (no ring)

@: hasted, curled up, very quick
A: large, rugged brown scales 3, see invisible, deformed body, roll 1, armoured
tail, reflexive curl
a: Rolling Charge


You were on level 5 of the Dungeon.
You visited 1 branch of the dungeon, and saw 7 of its levels.

You collected 113 gold pieces.
You spent 60 gold pieces at shops.

Inventory:

Hand Weapons
 a - a +1 falchion (weapon)
 b - a +1 sling
 d - a +1 dagger of venom
Armour
 i - the +2 leather armour of Decompression (worn) {Will+ MP+9 Slay+2}
   (You found it on level 2 of the Dungeon)

   Slay:      It affects your accuracy & damage with ranged weapons and melee
   (+2).
   MP:        It affects your magic capacity (+9).
   Will:      It increases your willpower.
 l - a +1 robe
Jewellery
 j - a ring of protection from cold (left hand)
 m - an amulet of regeneration
 t - a ring of resist corrosion
Wands
 r - a wand of iceblast (7)
Scrolls
 e - 2 scrolls of noise
Potions
 c - a potion of ambrosia
 f - 4 potions of curing
 g - a potion of berserk rage
 h - a potion of cancellation
 n - 2 potions of degeneration
 o - 2 potions of heal wounds
 p - 2 potions of invisibility
 q - 2 potions of mutation
 s - a potion of magic {unknown}


   Skills:
 - Level 4.0 Fighting
 - Level 2.0(3.3) Short Blades
 + Level 4.0(4.3) Long Blades
 - Level 4.0 Ranged Weapons
 - Level 4.0 Dodging
 - Level 2.0 Stealth


You had 6 spell levels left.
You didn't know any spells.
Your spell library contained the following spells:

 Spells                   Type           Power      Damage    Failure   Level
 Stone Arrow              Conj/Erth      0%         3d7       80%         3
 Animate Armour           Summ/Erth      0%         N/A       99%         4
 Lehudib's Crystal Spear  Conj/Erth      0%         10d2      100%        8


Dungeon Overview and Level Annotations

Branches:
Dungeon (7/15)
 Temple: D:4-7

Altars:

Shops:
D:4 !

Annotations:
D:3 2 transporters, purpskrrrp's ghost, amateur MiAK
D:5 Prince Ribbit


Innate Abilities, Weirdness & Mutations

You are completely covered in rugged brown scales. (AC +3, +7% HP)
You have supernaturally acute eyesight. (SInv)
Armour fits poorly on your strangely shaped body.
You can roll at nearby foes to attack.
You have a long armoured tail.
You curl defensively after being hit. (AC +7*)


Message History

You shoot a sling bullet. The adder hisses angrily.
The sling bullet hits the adder.
The adder is lightly wounded.
Prince Ribbit croaks regally.
You shoot a sling bullet.
The sling bullet closely misses the adder.
You shoot a sling bullet.
The sling bullet barely misses the adder.
Prince Ribbit croaks regally.
The adder barely misses you. x2
a - a +1 falchion (weapon)
You slash the adder!
You kill the adder!
Prince Ribbit hits you.
You feel yourself speed up. Prince Ribbit hits you.
Unknown command.
You hit Prince Ribbit.
Your tail-slap misses Prince Ribbit.
Prince Ribbit is lightly wounded.
Prince Ribbit hits you!
You closely miss Prince Ribbit.
Your tail-slap misses Prince Ribbit.
Prince Ribbit is lightly wounded.
Prince Ribbit hits you.
You barely miss Prince Ribbit.
Prince Ribbit is lightly wounded.
Prince Ribbit barely misses you.
You barely miss Prince Ribbit.
Prince Ribbit is lightly wounded.
Prince Ribbit sighs, "It's not easy being green!"
Prince Ribbit hits you but does no damage.
You miss Prince Ribbit.
Prince Ribbit is lightly wounded.
Prince Ribbit hits you!
* * * LOW HITPOINT WARNING * * *
The quokka twitches its whiskers.
Okay, then.
You hit Prince Ribbit.
Your tail-slap misses Prince Ribbit.
Prince Ribbit is moderately wounded.
Prince Ribbit hits you!
You die...

# .. ...
.... ...).
######..>...
#...@Fr.....
#.####......
..... ....
#.. .


You could see Prince Ribbit and a quokka.

Vanquished Creatures
  Sigmund (D:2)
  A kobold brigand (D:7)
  A scorpion (D:4)
  A necrophage (D:4)
  A hound (D:4)
  An orc priest (D:3)
  An orc wizard (D:3)
  Robin (D:3)
  6 gnolls
  8 adders
  2 worms (D:4)
  A dart slug (D:1)
  4 orcs
  3 bats (D:2)
  8 endoplasms
  5 giant cockroaches
  17 goblins
  12 hobgoblins
  8 jackals
  3 quokkas
  4 ball pythons
  A frilled lizard (D:2)
  8 kobolds
  3 rats
101 creatures vanquished.

Notes
Turn   | Place    | Note
-------+----------+-------------------------------------------
     0 | D:1      | Newt the Palentonga Monk began the quest for the Orb.
     0 | D:1      | Reached XP level 1. HP: 19/19 MP: 1/1
   291 | D:1      | Reached skill level 1 in Short Blades
   337 | D:1      | Found a faded altar of an unknown god.
   341 | D:1      | Reached XP level 2. HP: 25/25 MP: 2/2
  1522 | D:2      | Reached XP level 3. HP: 30/31 MP: 3/3
  1972 | D:2      | Identified the +2 leather armour of Decompression {Will+
                  | MP+9 Slay+2}
  2166 | D:2      | Noticed Sigmund
  2174 | D:2      | Killed Sigmund
  2175 | D:2      | Reached XP level 4. HP: 14/39 MP: 4/4
  2175 | D:2      | Reached XP level 5. HP: 16/44 MP: 5/5
  3132 | D:3      | Noticed purpskrrrp's ghost (amateur MiAK)
  3133 | D:3      | Found a transporter.
  3259 | D:3      | Found a transporter.
  3573 | D:3      | Reached XP level 6. HP: 51/51 MP: 6/6
  3718 | D:4      | Found Quugousa's Distillery.
  3732 | D:4      | Bought a potion of heal wounds for 50 gold pieces
  3732 | D:4      | Bought a potion of degeneration for 10 gold pieces
  3880 | D:5      | Entered Level 5 of the Dungeon
  4234 | D:4      | Noticed Robin
  4249 | D:3      | Killed Robin
  5088 | D:4      | Gained mutation: You curl defensively after being hit. (AC
                  | +7*) [Palentonga growth]
  5088 | D:4      | Reached XP level 7. HP: 50/57 MP: 7/7
  5680 | D:4      | You fall into a shaft and drop 3 floors!
  5878 | D:5      | Noticed Prince Ribbit
  5891 | D:5      | Slain by Prince Ribbit

Illustrated notes

Levels and vault maps discovered:
D:1:      lemuel_arrival_lava_pool, layout_loops_corners,
          hellmonk_ecumenical_altar_dog_temple, reono_crystal_passage
D:2:      minmay_inner_zag, layout_basic, uniq_sigmund
D:3:      layout_basic, gammafunk_ghost_arena, minivault_19, feat_on_display
D:4:      layout_layer_cave, serial_shops,
          nicolae_shop_temple_entry_statues_fountains, portal_sewer_entry_e,
          lexackson_kobold_supper, uniq_robin
D:5:      layout_loops_ring, serial_shops, shop, gammafunk_ghost_necromancy,
          uniq_prince_ribbit1, uniq_grinder, uniq_ijyb
D:6:      layout_basic, demons_altar, uniq_blork_the_orc
D:7:      layout_basic, zin_angel, minmay_temple_entry_statues_pillars,
          due_unseen_surprise, uniq_menkaure

Skill      XL: |  1  2  3  4  5  6  7 |
---------------+----------------------+-----
Short Blades   | 1 2 |  2.0
Stealth        | 2 |  2.0
Fighting       | 4 |  4.0
Ranged Weapons | 2 3 4 |  4.0
Dodging        | 3 4 |  4.0
Long Blades    | 4 |  4.0

Action                   |  1- 3 |  4- 6 |  7- 9 || total
-------------------------+-------+-------+-------++-------
Melee: Falchion          |    90 |    84 |    45 ||   219
       Tailslap          |     8 |     9 |     7 ||    24
 Fire: Sling             |       |   120 |     3 ||   123
 Abil: Rolling Charge    |    12 |       |       ||    12
  Use: Scroll            |     8 |     9 |     2 ||    19
       Potion            |       |       |     1 ||     1
 Stab: Sleeping          |     1 |       |     1 ||     2
Armor: Robe              |    32 |       |       ||    32
       Leather armour    |     3 |    90 |    28 ||   121
       Skin              |     3 |       |       ||     3
Dodge: Dodged            |    39 |   141 |    35 ||   215

Table legend: (Time is in decaauts)
 A = Elapsed time spent in this place.
 B = Non-inter-level travel time spent in this place.
 C = Inter-level travel time spent in this place.
 D = Time resting spent in this place.
 E = Time spent auto-exploring this place.
 F = Levels seen in this place.
 G = Mean time per level.
                   A        B        C        D        E       F      G
               +--------+--------+--------+--------+--------+-----+--------+
         Total |   5949 |   5842 |    107 |   1971 |   3097 |   7 |  849.9 |
       Dungeon |   5949 |   5842 |    107 |   1971 |   3097 |   7 |  849.9 |
               +--------+--------+--------+--------+--------+-----+--------+

Top non-repeatable levels by time:
     D:2: 1901 daAuts
     D:3: 1520 daAuts
     D:1: 1131 daAuts
     D:4: 996 daAuts
     D:5: 199 daAuts
     D:7: 191 daAuts
     D:6: 8 daAuts
